Map: [ESL] Alcyone

Players

Dolan

  • Race: Terran Terran
  • Spawn Location: 7:00

DRG - Winner!

  • Race: Zerg Zerg
  • Spawn Location: 1:00

Event: ESL SC2 Masters 2023 Winter (Finals)

VOD

Have the link to the VOD?

Description

Time

  • Played on: Dec. 15, 2023, 9:34 a.m.
  • Length: 13:29

All games in this series

Show
View Real Time Build Order
Export as new Build Order

Dolan Terran 

Build Orders: Reaper Expand 

Get SALT Encoding   

  12  0:00  SCV  
  13  0:12  SCV  
  14  0:17  Supply Depot  
  14  0:24  SCV  
  15  0:39  SCV  
  15  0:40  Barracks  
  15  0:42  Refinery  
  16  0:51  SCV  
  17  1:03  SCV  
  18  1:15  SCV  
  19  1:27  Orbital Command, Reaper  
  20  1:39  Command Center  
  20  1:49  Supply Depot  
  20  1:54  SCV  
  21  1:59  Marine  
  22  2:07  SCV  
  23  2:13  Factory  
  23  2:19  SCV  
  23  2:21  Barracks Reactor  
  24  2:31  SCV  
  25  2:38  Command Center  
  25  2:43  SCV  
  26  2:52  Orbital Command  
  26  2:55  SCV  
  27  2:58  Starport  
  27  3:02  Refinery  
  27  3:08  SCV  
  28  3:20  SCV  
  28  3:21  SCV  
  28  3:22  Refinery  
  28  3:23  Hellion  
  28  3:24  Hellion  
  34  3:33  SCV x2  
  36  3:38  Viking  
  38  3:46  SCV x2  
  38  3:48  Hellion x2  
  44  3:51  Orbital Command  
  44  4:01  Fusion Core  
  44  4:02  SCV x2  
  46  4:13  Hellion  
  46  4:14  Hellion, SCV x2  
  46  4:16  Supply Depot  
  52  4:26  Starport Tech Lab, Barracks Tech Lab  
  52  4:27  SCV x3  
  55  4:34  Supply Depot  
  55  4:45  SCV x3  
  57  4:47  Stimpack  
  57  4:49  Battlecruiser  
  64  4:57  SCV x2  
  64  4:58  SCV  
  67  5:00  Barracks  
  67  5:01  Barracks  
  67  5:02  Factory Reactor  
  67  5:09  SCV x2  
  67  5:10  SCV  
  70  5:18  Engineering Bay  
  70  5:19  Marine, Refinery  
  70  5:20  Engineering Bay  
  71  5:27  SCV x3  
  74  5:35  Barracks x2  
  74  5:38  Supply Depot  
  74  5:39  Supply Depot  
  74  5:43  SCV x2  
  74  5:44  Orbital Command  
  76  5:53  Terran Infantry Weapons Level 1, Terran Infantry Armor Level 1  
  76  6:00  Siege Tank  
  76  6:04  Starport Reactor, SCV x2  
  79  6:06  Marine x5  
  79  6:10  SCV  
  87  6:12  Supply Depot  
  87  6:16  SCV x2  
  89  6:25  Barracks Reactor, Marine x4  
  93  6:26  Barracks Reactor  
  93  6:30  Armory  
  93  6:31  Supply Depot  
  93  6:34  Siege Tank, SCV x2, Marine  
  95  6:52  SCV x3  
  96  6:54  Marine x3  
  96  6:55  Marine x2  
  96  6:59  Barracks  
  96  7:00  Barracks  
  96  7:01  Barracks, Marine x3  
  101  7:02  Marine  
  108  7:10  Medivac x2  
  108  7:12  Marine x3  
  112  7:18  Siege Tank, Supply Depot  
  112  7:20  Supply Depot  
  115  7:25  Marine x2  
  117  7:32  Marine x7  
  117  7:34  Supply Depot  
  124  7:37  Combat Shield  
  124  7:43  Marine x2  
  126  7:44  Medivac  
  126  7:45  Medivac  
  126  7:48  Marine x3  
  126  7:50  Marine  
  134  7:52  Marine x2  
  134  7:53  Marine x4  
  134  7:57  Siege Tank  
  143  8:00  Marine x2  
  138  8:06  Marine x2  
  138  8:08  Marine x2  
  138  8:10  Marine  
  138  8:12  Marine x2  
  137  8:13  Marine x3  
  137  8:18  Marine  
  136  8:22  Marine  
  136  8:23  Marine  
  136  8:24  Medivac x2, Marine  
  136  8:26  Marine  
  131  8:27  Marine  
  131  8:28  Marine  
  131  8:29  Siege Tank  
  131  8:30  Marine  
  131  8:31  Marine  
  131  8:32  Marine  
  138  8:39  Marine x3  
  138  8:40  Marine  
  142  8:41  Marine x2  
  142  8:44  Supply Depot, Marine  
  142  8:45  Marine  
  142  8:46  Marine  
  142  8:48  Marine  
  143  8:49  Marine x2  
  143  8:54  Medivac  
  148  8:57  Marine  
  148  8:59  Supply Depot  
  148  9:00  Supply Depot  
  148  9:01  Medivac, Marine x3  
  154  9:05  Marine x3  
  154  9:06  Supply Depot  
  154  9:08  Supply Depot  
  117  9:26  Marine  
  117  9:27  Marine x3  
  117  9:28  Marine x4  
  118  9:35  Barracks Tech Lab x3  
  116  9:39  Marauder  
  116  9:41  Terran Infantry Weapons Level 2, Terran Infantry Armor Level 2  
  116  9:42  Concussive Shells  
  116  9:44  Marine x2  
  116  9:45  Marine  
  120  9:51  Marine x3  
  123  9:56  Marine x2, Marauder x3  
  123  9:59  Terran Vehicle Weapons Level 1  
  131  10:00  Marauder  
  131  10:02  Marine x2  
  131  10:04  Marine  
  136  10:08  Marine  
  136  10:09  Siege Tank  
  136  10:11  Marine  
  136  10:12  Marine  
  142  10:16  Medivac  
  142  10:17  Medivac  
  146  10:24  Marauder x2, Marine  
  151  10:36  Marine x2, Marauder x2  
  151  10:37  Marine x2  
  151  10:39  Marine  
  160  10:45  Siege Tank, Marauder  
  160  10:46  Marauder  
  134  11:00  Marauder x2, Marine x4  
  109  11:04  Marine x3  
  109  11:05  Orbital Command  
  109  11:07  Marauder x2  
  106  11:16  Marine  
  106  11:17  Siege Tank  
  107  11:22  Medivac x2, Marauder x2  
  107  11:23  Marine x7  
  122  11:28  Marauder, Marine  
  125  11:33  Marine  
  125  11:35  Supply Depot  
  125  11:38  Supply Depot  
  126  11:40  Marine x2  
  126  11:44  Marine  
  126  11:45  Marine, Marauder  
  132  11:49  Marauder  
  125  12:04  Marine  
  125  12:05  Marauder x2, Marine x3  
  125  12:06  Marauder  
  129  12:10  Marauder, Marine x2  
  133  12:17  Siege Tank  
  133  12:18  Medivac  
  133  12:20  Medivac  
  140  12:26  Marine x3  
  140  12:27  Marauder  
  145  12:31  Marine x3  
  145  12:32  Marine  
  145  12:36  Marauder  
  151  12:55  Marine x2  
  151  12:56  Marauder x2  
  157  13:03  Supply Depot  
Show
View Real Time Build Order
Export as new Build Order

DRG Zerg - Winner!

Build Orders: Pool First 

Get SALT Encoding   

  12  0:00  Drone  
  13  0:12  Overlord  
  13  0:17  Drone  
  14  0:30  Drone x2  
  14  0:33  Drone  
  17  0:44  Spawning Pool  
  17  0:47  Drone  
  17  0:56  Drone  
  18  1:10  Hatchery  
  17  1:11  Extractor  
  17  1:14  Drone  
  17  1:30  Zergling x4  
  17  1:31  Queen  
  21  1:38  Overlord  
  21  1:49  Drone  
  22  1:59  Drone  
  23  2:06  Queen  
  25  2:14  Hatchery  
  24  2:22  Drone x3  
  27  2:32  Drone  
  27  2:34  Drone  
  29  2:39  Drone x3  
  29  2:43  Metabolic Boost  
  32  2:49  Overlord  
  32  2:52  Drone  
  32  2:55  Drone  
  32  2:57  Drone  
  35  3:04  Drone  
  36  3:07  Queen  
  38  3:15  Drone x4  
  38  3:17  Overlord  
  42  3:25  Queen  
  44  3:27  Overlord  
  44  3:36  Drone x2  
  44  3:37  Zergling x4  
  44  3:39  Drone  
  49  3:42  Queen  
  49  3:45  Drone  
  49  3:46  Drone  
  53  3:48  Drone  
  53  3:49  Drone  
  53  3:50  Drone  
  53  3:51  Drone  
  53  3:54  Overlord  
  57  3:59  Drone x2  
  57  4:01  Queen  
  61  4:04  Drone  
  61  4:08  Roach Warren  
  61  4:12  Drone x2  
  61  4:16  Drone  
  64  4:18  Drone x4  
  64  4:22  Overlord  
  68  4:25  Queen  
  68  4:28  Overlord  
  68  4:31  Overlord  
  70  4:36  Overlord  
  70  4:38  Lair  
  70  4:41  Spore Crawler  
  70  4:42  Zergling x2, Spore Crawler  
  70  4:43  Zergling x4  
  71  4:48  Drone x2  
  71  4:49  Drone  
  71  4:50  Drone x3  
  71  4:52  Drone x2  
  78  4:53  Drone  
  78  4:55  Extractor  
  78  4:56  Extractor  
  77  5:00  Roach x3  
  77  5:05  Roach x3  
  77  5:07  Drone  
  90  5:11  Overlord  
  90  5:13  Drone x2  
  92  5:17  Overlord  
  92  5:19  Drone x4  
  96  5:22  Extractor  
  96  5:26  Drone, Spore Crawler  
  95  5:28  Extractor  
  95  5:29  Extractor  
  95  5:30  Drone  
  95  5:31  Drone  
  95  5:33  Drone  
  95  5:35  Drone x3  
  99  5:37  Drone x3  
  99  5:38  Glial Reconstitution  
  99  5:40  Overseer  
  99  5:42  Drone x2, Evolution Chamber  
  103  5:43  Evolution Chamber  
  102  5:50  Drone  
  102  5:55  Hatchery  
  102  5:56  Overlord  
  102  5:58  Overlord  
  102  6:00  Roach  
  102  6:01  Roach x3  
  102  6:02  Overlord  
  110  6:08  Drone x2  
  110  6:10  Zerg Melee Weapons Level 1  
  112  6:13  Zerg Ground Armor Level 1  
  111  6:22  Drone  
  111  6:23  Drone x2  
  113  6:27  Overlord  
  113  6:30  Roach x3  
  113  6:31  Overlord  
  119  6:38  Infestation Pit  
  115  6:41  Baneling Nest  
  112  6:47  Drone  
  112  6:48  Drone x5  
  110  6:56  Overlord  
  110  6:59  Roach x4  
  118  7:03  Overlord  
  118  7:06  Queen  
  120  7:09  Drone x6  
  120  7:10  Drone  
  127  7:17  Hive  
  127  7:20  Overlord  
  127  7:21  Drone x3  
  130  7:23  Hatchery  
  130  7:25  Centrifugal Hooks  
  130  7:26  Roach x2  
  130  7:29  Spore Crawler  
  132  7:31  Extractor, Roach x2  
  132  7:33  Roach x2  
  139  7:40  Overlord x2  
  139  7:42  Zergling x8  
  143  7:45  Ravager x5  
  143  7:47  Zergling x8  
  143  7:50  Zergling x6  
  155  7:53  Roach  
  155  7:54  Roach  
  155  7:56  Ravager x5  
  155  7:57  Roach x3  
  169  8:01  Roach x2  
  168  8:08  Roach x5  
  172  8:19  Roach x9  
  155  8:27  Roach x6  
  155  8:31  Roach  
  155  8:32  Ravager  
  155  8:33  Zergling x2  
  165  8:36  Zergling x2  
  165  8:37  Zergling x6, Queen  
  165  8:41  Zergling x10  
  176  8:45  Adrenal Glands  
  176  8:47  Zergling x10  
  181  8:50  Zergling x2  
  181  8:54  Viper  
  181  8:55  Zergling x8  
  189  8:59  Overlord  
  189  9:01  Zergling x2  
  189  9:02  Zergling x4  
  192  9:07  Ravager  
  192  9:08  Ravager  
  192  9:09  Roach x2  
  198  9:16  Spore Crawler  
  184  9:20  Roach x7  
  184  9:22  Zergling x10  
  183  9:27  Zerg Melee Weapons Level 2  
  183  9:29  Zergling x10  
  176  9:31  Roach x3  
  176  9:35  Drone x3, Extractor  
  182  9:40  Zergling x10  
  182  9:43  Zerg Ground Armor Level 2  
  187  9:46  Baneling x6  
  187  9:49  Zergling x6  
  187  9:52  Zergling x6  
  193  9:53  Zergling x2  
  193  9:54  Zergling x2  
  193  9:58  Baneling x8  
  193  9:59  Hatchery  
  194  10:00  Zergling x4  
  194  10:05  Zergling x2  
  194  10:06  Zergling x6  
  200  10:14  Ultralisk Cavern  
  199  10:15  Baneling x6  
  198  10:30  Zergling x8  
  198  10:37  Drone x3  
  163  10:58  Zergling x22  
  163  11:02  Zergling x26  
  161  11:04  Chitinous Plating  
  161  11:10  Viper  
  152  11:12  Ultralisk x2  
  152  11:14  Zergling x16  
  169  11:24  Drone x8  
  177  11:26  Drone x4  
  177  11:27  Drone  
  177  11:29  Baneling x12  
  182  11:35  Zergling x12  
  188  11:44  Baneling x12  
  188  11:45  Baneling x2  
  188  11:50  Zergling x10  
  173  12:04  Spore Crawler  
  173  12:07  Ultralisk x2  
  173  12:08  Zergling x16  
  176  12:12  Baneling x2  
  176  12:13  Zergling x12  
  182  12:20  Ultralisk  
  182  12:22  Drone x2  
  190  12:23  Zergling x2, Anabolic Synthesis  
  190  12:24  Zergling x8  
  195  12:31  Zergling x8  
  199  12:45  Baneling x3  
  199  13:02  Baneling x6  
Tags
 
Add a new tag
Caveats
  • Supply blocks, unpowered buildings, or Contaminate may cause inaccurate times.
  • Supply counts are checked every 10 seconds.